 Dungeon Crawl Stone Soup version 0.27-a0-1046-g98bf31544f (webtiles) character file.

Game seed: 9308165908961917629

170 streetpizza the Skirmisher (level 5, -4/41 HPs)
             Began as a Djinni Wanderer on Apr 19, 2021.
             Was an Initiate of Ashenzari.
             Slain by a sky beast (6 damage)
             ... on level 4 of the Dungeon.
             The game lasted 00:10:14 (2975 turns).

streetpizza the Skirmisher (Djinni Wanderer)        Turns: 2975, Time: 00:10:15

Health: -4/41      AC:  5    Str: 15    XL:     5   Next: 50%
Gold:   120        EV: 12    Int: 12    God:    Ashenzari [......] SH:  5 Dex: 11

rFire    + + .     SeeInvis .   a - +2 short sword
rCold    x . .     Faith    .   (no shield)
rNeg     . . .     Spirit   .   c - +0 robe
rPois    ∞         Reflect  +   (no helmet)
rElec    .         Harm     .   g - +2 cloak
rCorr    .         Rampage  .   (no gloves)
Will     .....                  (boots unavailable)
Stlth    ++........             i - amulet of reflection
HPRegen  0.13/turn              (no ring)
MPRegen  0.00/turn              (no ring)

@: flying
A: fire resistance 2, cold vulnerability 1, float, innate caster, hp casting,
extra vitality 1
a: Renounce Religion, Curse Item


You were on level 4 of the Dungeon.
You worshipped Ashenzari.
Ashenzari was noncommittal.
You visited 1 branch of the dungeon, and saw 4 of its levels.

You collected 120 gold pieces.

Inventory:

Hand Weapons
 a - a +2 short sword (weapon)
 d - a +0 dagger
Armour
 c - a +0 robe (worn)
 f - a +0 buckler
 g - a +2 cloak (worn)
Jewellery
 i - an amulet of reflection (around neck)
Scrolls
 h - a scroll of identify
Potions
 b - 2 potions of curing
 e - 2 potions of heal wounds
 j - a potion of flight
 k - a potion of brilliance


   Skills:
 + Level 3.9 Fighting
 - Level 2.6(3.0) Short Blades
 + Level 2.0(2.7) Long Blades
 - Level 1.0 Armour
 + Level 2.5 Dodging
 - Level 1.5 Stealth
 - Level 1.0 Shields
 + Level 1.7 Spellcasting


You had 4 spell levels left.
You knew the following spells:

 Your Spells              Type           Power      Damage    Failure   Level
a - Apportation           Tloc           10%        N/A       14%         1
b - Slow                  Hex            5%         N/A       21%         2
Your spell library was empty.

Dungeon Overview and Level Annotations

Branches:
Dungeon (4/15)             Temple (0/1) D:4

Altars:
Ashenzari

Shops:
D:4 *


Innate Abilities, Weirdness & Mutations

You are immune to poison.
Your flesh is very heat resistant. (rF++)
You are vulnerable to cold. (rC-)
You float through the air rather than walking.
You learn spells naturally, not from books.
Your magical power is your life essence.
You have superior vitality. (+4 HP)


Message History

You completely miss something. Something hits you but does no damage.
You miss something. Something hits you but does no damage.
You closely miss something. Something hits you but does no damage.
You hit something but do no damage. Something hits you but does no damage.
You miss something. Something barely misses you.
You miss something. Something hits you but does no damage.
You miss something. You barely miss something. Something barely misses you.
You closely miss something. Something hits you but does no damage.
You hit something but do no damage.
A sky beast appears from thin air!
Reactivating autopickup.
The sky beast hits you. The sky beast shocks you.
* * * LOW HITPOINT WARNING * * *
You closely miss the sky beast.
The sky beast is lightly wounded.
The sky beast closely misses you.
You hit the sky beast.
The sky beast is moderately wounded.
The sky beast flickers out of sight!
Deactivating autopickup; reactivate with Ctrl-A.
Something hits you.
* * * LOW HITPOINT WARNING * * *
Something shocks you.
* * * LOW HITPOINT WARNING * * *
A sky beast appears from thin air!
Reactivating autopickup.
You miss the sky beast.
The sky beast is moderately wounded.
The sky beast barely misses you.
You hit the sky beast.
The sky beast is heavily wounded.
The sky beast hits you but does no damage.
You closely miss the sky beast.
The sky beast is heavily wounded.
The sky beast flickers out of sight!
Deactivating autopickup; reactivate with Ctrl-A.
Something hits you.
* * * LOW HITPOINT WARNING * * *
Something shocks you.
You die...

>..
..8
88#
#.#
#.#
#.#
#.#
#.#
#@#
#{#
#Z#
#.#
#.#
#.#
#.#
#.#
#.#


You could see a hound skeleton.

Vanquished Creatures
  2 orc wizards (D:3)
  3 adders (D:3)
  4 dart slugs
  6 orcs
  4 bats (D:1)
  6 endoplasms
  A giant cockroach (D:3)
  8 goblins
  7 hobgoblins
  7 jackals (D:1)
  A quokka (D:3)
  10 ball pythons
  A frilled lizard (D:1)
  9 kobolds
  5 rats
74 creatures vanquished.

Notes
Turn   | Place    | Note
-------+----------+-------------------------------------------
     0 | D:1      | streetpizza the Djinni Wanderer began the quest for the
                  | Orb.
     0 | D:1      | Reached XP level 1. HP: 20/20 MP: 0/0
   161 | D:1      | Reached XP level 2. HP: 25/25 MP: 0/0
   232 | D:1      | Reached skill level 1 in Dodging
   500 | D:1      | Reached XP level 3. HP: 27/30 MP: 0/0
   500 | D:1      | Learned a level 1 spell: Apportation
   609 | D:1      | Reached skill level 1 in Long Blades
  1000 | D:1      | Reached skill level 1 in Spellcasting
  1509 | D:2      | Reached XP level 4. HP: 35/35 MP: 0/0
  2159 | D:3      | Found a faded altar of an unknown god.
  2170 | D:3      | Reached XP level 5. HP: 39/41 MP: 0/0
  2170 | D:3      | Learned a level 2 spell: Slow
  2189 | D:3      | Became a worshipper of Ashenzari the Shackled
  2867 | D:4      | Found Neqen's General Store.
  2907 | D:4      | Found a staircase to the Ecumenical Temple.
  2925 | D:4      | Noticed a sky beast
  2961 | D:4      | HP: 2/41 [something (5)]
  2975 | D:4      | HP: 2/41 [something (2)]
  2975 | D:4      | Slain by a sky beast

Illustrated notes

Levels and vault maps discovered:
D:1:      dpeg_arrival_tiny_k, layout_basic
D:2:      layout_basic, nicolae_underground_beach
D:3:      layout_rooms, basic_ecumenical_altar, minmay_shallow_snake_nest
D:4:      layout_basic, minmay_temple_entry_statues, serial_shops,
          nicolae_shop_temple_entry_statues_fountains, uniq_natasha, uniq_robin

Skill      XL: |  1  2  3  4  5 |
---------------+----------------+-----
Dodging        | 1 2 |  2.5
Long Blades    | 1 2 |  2.0
Spellcasting   | 1 |  1.7
Fighting       | |  3.9
Short Blades   | |  2.6
Armour         | |  1.0
Stealth        | |  1.5
Shields        | |  1.0

Action                   |  1- 3 |  4- 6 || total
-------------------------+-------+-------++-------
Melee: Short sword       |   103 |   145 ||   248
 Stab: Sleeping          |     2 |     1 ||     3
Armor: Robe              |    20 |    33 ||    53
Dodge: Dodged            |    58 |    63 ||   121
Block: Other             |       |    22 ||    22

Table legend: (Time is in decaauts)
 A = Elapsed time spent in this place.
 B = Non-inter-level travel time spent in this place.
 C = Inter-level travel time spent in this place.
 D = Time resting spent in this place.
 E = Time spent auto-exploring this place.
 F = Levels seen in this place.
 G = Mean time per level.
                   A        B        C        D        E       F      G
               +--------+--------+--------+--------+--------+-----+--------+
         Total |   2964 |   2915 |     49 |      2 |   2307 |   4 |  741.0 |
       Dungeon |   2964 |   2915 |     49 |      2 |   2307 |   4 |  741.0 |
               +--------+--------+--------+--------+--------+-----+--------+

Top non-repeatable levels by time:
     D:1: 1111 daAuts
     D:3: 1086 daAuts
     D:2: 660 daAuts
     D:4: 106 daAuts
